 Dungeon Crawl Stone Soup version 0.32-a0-540-g866d13106e (webtiles) character file.

Game seed: 796894326137072623

621044 Sobieck the Infernalist (level 27, -23/231 HPs)
             Began as a Mountain Dwarf Fire Elementalist on Feb 25, 2024.
             Was the Champion of Vehumet.
             Killed from afar by a Killer Klown (45 damage)
             ... with a klown pie
             ... on level 5 of the Realm of Zot on Feb 28, 2024.
             The game lasted 05:30:12 (83739 turns).

Sobieck the Infernalist (MDFE)                     Turns: 83739, Time: 05:30:13

Health: -23/231    AC: 44    Str: 17 (18) XL:     27
Magic:  55/55      EV:  4    Int: 26      God:    Vehumet [******]
Gold:   6068       SH:  6    Dex:  9 (11) Spells: 22/64 levels left

rFire   + + .        v - +3 Elemental Staff {ele, rElec rF+ rC+ AC+3}
rCold   + . .        r - +0 buckler {AC+3}
rNeg    + + .        J - +2 gold dragon scales
rPois   +            x - +2 helmet
rElec   +            z - +2 cloak {Will+}
rCorr   .            M - +2 pair of gloves {Str+3}
SInv    +            a - +2 pair of boots {Fly}
Will    +++..        k - amulet of Jafetuci {RegenMP rPois Dex+3 Slay+2} Stlth
                     L - ring of Bynevode {+Blink rPois rC- rN++ MP+9}
HPRegen 0.58/turn    s - ring of see invisible
MPRegen 0.74/turn

%: no passive effects
@: about to teleport, marked, fragile (+50% incoming damage), flying, hasted and
slowed
A: runic magic, artefact enchanting, clumsy 1, teleportitis 1
}: 3/15 runes: serpentine, barnacled, silver
a: Renounce Religion, Evoke Blink


You were on level 5 of the Realm of Zot.
You worshipped Vehumet.
Vehumet was exalted by your worship.
You visited 11 branches of the dungeon, and saw 51 of its levels.
You visited the Abyss 1 time.
You also visited: Bailey, Wizlab and Desolation.

You collected 9927 gold pieces.
You spent 3859 gold pieces at shops.

Inventory:

Hand Weapons
 v - the +3 Elemental Staff (weapon) {ele, rElec rF+ rC+ AC+3}
   (You took it off a servant of whispers in the Desolation of Salt)

   AC+3:      It affects your AC (+3).
   rF+:       It protects you from fire.
   rC+:       It protects you from cold.
   rElec:     It insulates you from electricity.
Armour
 a - a +2 pair of boots of flying (worn)
 r - a +0 buckler of protection (worn)
 x - a +2 helmet (worn)
 z - a +2 cloak of willpower (worn)
 J - +2 gold dragon scales (worn)
 M - a +2 pair of gloves of strength (worn)
Jewellery
 c - the ring "Tih Luxt" {rC++ Dex+6}
   (You took it off a ragged hierophant in the Desolation of Salt)

   [ring of dexterity]

   Dex+6:     It affects your dexterity (+6).
   rC++:      It greatly protects you from cold.
 g - the ring "Tousy" {rPois rC++ Will+ Dex-4 Stlth+}
   (You took it off a deep elf elementalist on level 3 of the Elven Halls)

   [ring of willpower]

   Dex-4:     It affects your dexterity (-4).
   rC++:      It greatly protects you from cold.
   rPois:     It protects you from poison Will+: It increases your willpower.
   Stlth+:    It makes you more stealthy.
 k - the amulet of Jafetuci (around neck) {RegenMP rPois Dex+3 Slay+2}
   (You found it on level 5 of the Lair of Beasts)

   [amulet of magic regeneration]

   RegenMP:   It increases your rate of magic regeneration.
   Dex+3:     It affects your dexterity (+3).
   Slay+2:    It affects your accuracy & damage with ranged weapons and melee
   (+2).
   rPois:     It protects you from poison
 m - a ring of willpower
 n - a ring of positive energy
 s - a ring of see invisible (right hand)
 w - a ring of wizardry
 C - the ring "Ciuvvux" {Ice ^Contam +Blink rElec Dex+3}
   (You found it in the Desolation of Salt)

   [ring of ice]

   Ice:       It enhances your ice magic.
   Dex+3:     It affects your dexterity (+3).
   rF-:       It makes you vulnerable to fire.
   rC+:       It protects you from cold.
   rElec:     It insulates you from electricity.
   +Blink:    It lets you blink.
   ^Contam:   It causes magical contamination when unequipped.
 F - the ring "Ycvelaf" {rElec Will+ Str-3 Int+6}
   (You took it off a deep elf annihilator on level 3 of the Elven Halls)

   [ring of willpower]

   Str-3:     It affects your strength (-3).
   Int+6:     It affects your intelligence (+6).
   rElec:     It insulates you from electricity.
   Will+:     It increases your willpower.
 G - the ring "Fojaot" {rPois rF+ rN++ EV+5}
   (You found it on level 3 of the Crypt)

   [ring of evasion]

   EV+5:      It affects your evasion (+5).
   rF+:       It protects you from fire.
   rPois:     It protects you from poison rN++: It greatly protects you from
   negative energy.
 L - the ring of Bynevode (left hand) {+Blink rPois rC- rN++ MP+9}
   (You took it off a servant of whispers in the Desolation of Salt)

   [ring of poison resistance]

   rC-:       It makes you vulnerable to cold.
   rPois:     It protects you from poison rN++: It greatly protects you from
   negative energy.
   MP+9:      It affects your magic capacity (+9).
   +Blink:    It lets you blink.
 S - the ring of the Wizarding Oracle {rN++ Int+6}
   (You found it on level 3 of the Crypt)

   [ring of intelligence]

   Int+6:     It affects your intelligence (+6).
   rN++:      It greatly protects you from negative energy.
Wands
 D - a wand of digging (15)
 E - a wand of charming (60)
 I - a wand of iceblast (30)
 P - a wand of polymorph (14)
 V - a wand of flame (131)
Scrolls
 h - 2 scrolls of amnesia
 j - 8 scrolls of immolation
 p - 6 scrolls of vulnerability
 q - 5 scrolls of silence {!r}
 t - 2 scrolls of fear
 y - 3 scrolls of enchant weapon
 T - 15 scrolls of teleportation
 X - 2 scrolls of butterflies
Potions
 b - 10 potions of lignification
 d - 6 potions of heal wounds
 e - 8 potions of ambrosia
 f - 12 potions of enlightenment
 i - 7 potions of resistance
 l - 10 potions of mutation
 o - 2 potions of magic
 u - 3 potions of invisibility
 A - 4 potions of brilliance
 H - 2 potions of haste
 Q - 18 potions of curing
 R - 5 potions of cancellation
 W - 3 potions of attraction
Miscellaneous
 B - a lightning rod (4/4)
 K - a phantom mirror
 N - a sack of spiders
 O - a condenser vane
 U - a phial of floods


   Skills:
 - Level 16.0 Fighting
 - Level 17.0 Armour
 - Level 1.3 Dodging
 - Level 1.4 Stealth
 - Level 12.0 Shields
 + Level 19.2 Spellcasting
 - Level 20.0 Conjurations
 - Level 10.0 Summonings
 - Level 4.0 Translocations
 O Level 27 Fire Magic
 - Level 7.0 Air Magic
 + Level 20.2 Earth Magic
 - Level 6.0 Alchemy
 - Level 5.0 Evocations


You had 22 spell levels left.
You knew the following spells:

 Your Spells              Type           Power      Damage    Failure   Level
a - Foxfire               Conj/Fire      100%       2x1d9     0%          1
d - Iskenderun's Mystic   Conj/Tloc      72%        2d15      1%          4
e - Spellforged Servitor  Conj/Summ      40%        N/A       3%          7
f - Lehudib's Crystal Sp  Conj/Erth      57%        10d13     3%          8
g - Ignition              Fire           64%        3d17      1%          8
h - Fire Storm            Conj/Fire      60%        8d15      11%         9
i - Irradiate             Conj/Alch      37%        3d24      1%          5

Your spell library contained the following spells:

 Spells                   Type           Power      Damage    Failure   Level
 Magic Dart               Conj           100%       1d8       0%          1
 Scorch                   Fire           100%       2d9       0%          2
 Searing Ray              Conj           100%       2d8       0%          2
 Passwall                 Erth           100%       N/A       0%          3
 Flame Wave               Conj/Fire      100%       2d21      0%          4
 Fireball                 Conj/Fire      60%        3d23      0%          5
 Apportation              Tloc           90%        N/A       1%          1
 Kiss of Death            Conj/Necr      100%       2d13      1%          1
 Shock                    Conj/Air       100%       1d9       1%          1
 Blink                    Tloc           90%        N/A       1%          2
 Call Imp                 Summ           100%       N/A       1%          2
 Cigotuvi's Dreadful Rot  Necr/Alch/Air  100%       N/A       1%          2
 Lesser Beckoning         Tloc           90%        N/A       1%          2
 Momentum Strike          Conj/Tloc      100%       3d10      1%          2
 Call Canine Familiar     Summ           67%        N/A       1%          3
 Dazzling Flash           Conj/Hex       100%       N/A       1%          3
 Inner Flame              Hex/Fire       97%        N/A       1%          3
 Swiftness                Air            75%        N/A       1%          3
 Volatile Blastmotes      Fire/Tloc      100%       2d18      1%          3
 Airstrike                Air            37%        2d(6-22)  1%          4
 Fulminant Prism          Conj/Alch      37%        3d18      1%          4
 Ignite Poison            Fire/Alch      100%       N/A       1%          4
 Leda's Liquefaction      Alch/Erth      48%        N/A       1%          4
 Olgreb's Toxic Radiance  Alch           54%        N/A       1%          4
 Petrify                  Alch/Erth      96%        N/A       1%          4
 Sticky Flame             Fire/Alch      100%       2d15      1%          4
 Summon Blazeheart Golem  Fire/Summ      100%       N/A       1%          4
 Freezing Cloud           Conj/Ice/Air   52%        6-21      1%          5
 Iskenderun's Battlesphe  Conj           91%        2d14      1%          5
 Lee's Rapid Deconstruct  Erth           57%        3d26*     1%          5
 Bombard                  Conj/Erth      57%        9d9       1%          6
 Plasma Beam              Fire/Air       65%        2x1d81    1%          6
 Starburst                Conj/Fire      60%        6d16      1%          6
 Orb of Destruction       Conj           45%        9d12      1%          7
 Borgnjor's Vile Clutch   Necr/Erth      43%        N/A       2%          5
 Gell's Gravitas          Tloc           45%        N/A       3%          3
 Teleport Other           Tloc           45%        N/A       3%          3
 Necrotise                Necr           96%        1d8       6%          1
 Slow                     Hex            96%        N/A       6%          1
 Martyr's Knell           Necr/Summ      50%        N/A       8%          4
 Jinxbite                 Hex            48%        N/A       10%         2
 Sublimation of Blood     Necr           24%        N/A       10%         2
 Summon Forest            Summ/Tloc      28%        N/A       10%         5
 Passage of Golubria      Tloc           45%        N/A       12%         4
 Yara's Violent Unravell  Hex/Alch       20%        3d9       13%         5
 Alistair's Intoxication  Alch           36%        N/A       14%         5
 Summon Cactus Giant      Summ           33%        N/A       16%         6
 Confusing Touch          Hex            24%        N/A       19%         3
 Sigil of Binding         Hex            24%        N/A       19%         3
 Tukima's Dance           Hex            24%        N/A       19%         3
 Vampiric Draining        Necr           24%        2d7       19%         3
 Eringya's Noxious Bog    Alch           27%        4d6       21%         6
 Summon Mana Viper        Hex/Summ       50%        N/A       22%         5
 Dimensional Bullseye     Hex/Tloc       17%        N/A       26%         4
 Shatter                  Erth           57%        3d43*     36%         9
 Silence                  Hex/Air        29%        N/A       38%         5
 Animate Dead             Necr           24%        N/A       52%         4
 Dispel Undead            Necr           24%        3d12      52%         4
 Summon Hydra             Summ           33%        N/A       65%         7
 Curse of Agony           Necr           24%        N/A       86%         5
 Maxwell's Capacitive Co  Air            37%        ∞         99%         8
 Death Channel            Necr           12%        N/A       100%        6
 Enfeeble                 Hex            12%        N/A       100%        7


Dungeon Overview and Level Annotations

Branches:
Dungeon (15/15)            Temple (1/1) D:4            Lair (5/5) D:9
 Shoals (4/4) Lair:3        Snake (4/4) Lair:2        Slime (0/5) Lair:5
    Orc (2/2) D:11            Elf (3/3) Orc:2        Vaults (5/5) D:14
  Crypt (3/3) Vaults:3       Tomb (0/3) Crypt:3      Depths (4/4) D:15
    Zot (5/5) Depths:4     Bailey (visited)          WizLab (visited)
Desolation (visited)

Altars:
Ashenzari
Cheibriados
Dithmenos
Elyvilon
Fedhas
Gozag
Hepliaklqana
Kikubaaqudgha
Makhleb
Nemelex Xobeh
Okawaru
Qazlal
Ru
Sif Muna
Trog
Uskayaw
Vehumet
Wu Jian
Xom
Yredelemnul
Zin
The Shining One
Jiyva

Shops:
D:3 =   D:7 =   Orc:2 **(:=   Elf:1 (   Elf:2 (   Snake:2 (   Vaults:1 !
Vaults:4 *   Depths:1 :=:

Portals:
Hell: Depths:1 Depths:2 Depths:3 Depths:4
Abyss: Depths:2 Depths:3
Pandemonium: Orc:2 Depths:2
Ziggurat: Depths:2

Annotations:
D:1 Shatter vault
D:10 fire vault
Snake:4 2 transporters, cforsyth's ghost, adept CoGl
Elf:2 3 runed translucent doors
Vaults:5 !NOTGO
Depths:2 exclusion: downstairs
Depths:3 exclusions: downstairs and upstairs, Mennas
Zot:3 3 runed translucent doors, Feng's ghost, veteran OnBe


Innate Abilities, Weirdness & Mutations

Your spellcasting is much less encumbered by armour.
You can use scrolls of enchantment on lesser artefacts.
You are clumsy. (Dex -2)
You are occasionally teleported next to monsters.


Message History

The curse toe calls on the powers of darkness!
The Killer Klown convulses!
The Orb Guardian convulses! x2
The Killer Klown convulses!
Your body is wracked with pain!
* * * LOW HITPOINT WARNING * * *
The deathcap releases spores at you!
* * * LOW HITPOINT WARNING * * *
You are engulfed in a cloud of dizzying spores!
The wandering mushroom releases spores at you!
* * * LOW HITPOINT WARNING * * *
You are engulfed in a cloud of dizzying spores!
You are confused.
Unknown command.
You are too confused!
Unknown command.
You feel better.
You hear a loud "Zot"!
The power of Zot is invoked against you!
You sense a hostile presence.
The curse toe gestures.
A moth of wrath comes into view.
An Orb Guardian comes into view.
A cacodemon comes into view.
Unknown command.
Blink to where?
Press: ? - help, Dir - move target A Killer Klown, 3 Orb Guardians, a death cob and 2 draconians come into view.
The Killer Klown is wielding a +10 heavy club.
Found a potion of curing and a wand of flame (8).
As you read the scroll of blinking, it crumbles to dust.
The Killer Klown pies you viciously!
The klown pie hits you but does no damage.
A white draconian comes into view. It is wielding a +0 battleaxe.
The purple draconian shifter disappears!
The curse toe calls on the powers of darkness!
The Killer Klown convulses!
The moth of wrath convulses!
Your body is wracked with pain!
* * * LOW HITPOINT WARNING * * *
The Killer Klown convulses! x2; The Orb Guardian convulses! x2
The Killer Klown convulses!
The Orb Guardian convulses!
You hear a loud "Zot"!
The death cob hits you!!
* * * LOW HITPOINT WARNING * * *
The death cob drains your vigour!
You feel yourself slow down.
The Killer Klown defenestrates you with a +10 club of electrocution.
* * * LOW HITPOINT WARNING * * *
The Killer Klown blinks! x2
The Killer Klown pies you viciously! The klown pie hits you!!
Peanut brittle!
Your body becomes as fragile as glass!
You die... the Killer Klown begins to tie you into a balloon animal.

****,,,,,,,,.....▓▓▓▓
**,,,.............pf§▓**
**,,,,........§....2fff.▓*
*,,,,,..............f....▓ ***
*,,,,,...q..........X...X▓**,,
**,,,^..d............^...▓*,,,
**,,,.........L.*.......▓,,,,
**,,......z..§.z.9.....X,,,,
**,,,....p..@..y.......^▓.,,,
**,,,,......^p........,,,**,,,
*,,,,,.§....X...^.....,,,***,,
*,,,,,.d..X.....p.....,,,* ***
**,,,,^...X....!.....^,,**
**,,^^...............***
**,,../......^...▓▓▓*
**,....##▓▓▓▓▓▓▓▓****
**,,,,,,,,,,,,,,,,,,,***


You could see an orb of fire, 4 Killer Klowns, an electric golem, an ancient
lich, a purple draconian, a white draconian, a curse toe, a cacodemon, a death
cob, 4 Orb Guardians, a red draconian scorcher, 2 deathcaps, a moth of wrath and
a wandering mushroom (summoned).

Vanquished Creatures
  2 dread liches (Crypt:3)
  Frederick (Vaults:2)
  3 ancient liches
  Mara (Snake:4)
  2 orbs of fire
  Sojobo (Vaults:2)
  A shard shrike (Depths:2)
  Vv (Crypt:1)
  Vashnia (Snake:4)
  9 caustic shrikes
  5 curse toes
  5 golden dragons
  Jory (Crypt:3)
  Norris (Depths:3)
  A bone dragon (Depths:2)
  A Brimstone Fiend (Depths:2)
  2 hellephants (Depths:2)
  9 tentacled monstrosities
  An electric golem (Zot:1)
  The ghost of Seonuisi the Warrior, an adept CoFi of Wu Jian (Shoals:2)
  Mlioglotl (Snake:2)
  A lich (Depths:3)
  A walking earthen tome (Depths:2)
  A deep elf master archer (Elf:3)
  A titan (Depths:2)
  A kraken (Shoals:1)
  A tentacled starspawn (Abyss:2)
  3 quicksilver dragons
  4 sphinxes
  The ghost of Cyneqa the Peltast, an adept MiBe of Trog (Shoals:2)
  Polyphemus (Shoals:3)
  3 Executioners
  4 death cobs
  4 ancient champions
  Donald (Lair:2)
  Kirke (Lair:3)
  7 storm dragons
  4 shadow dragons
  A draconian monk (Zot:1)
  7 deep elf sorcerers
  8 draconian knights
  A nagaraja (Snake:4)
  10 tengu reavers
  5 frost giants
  5 protean progenitors
  2 narguns (Depths:1)
  7 fire giants
  2 draconian scorchers (Zot:1)
  2 balrugs
  8 vault wardens
  An iron dragon (Vaults:5)
  2 ghost moths
  4 deep elf elementalists (Elf:3)
  Louise (Snake:1)
  3 orc warlords
  4 curse skulls (Crypt:3)
  2 cacodemons (WizLab)
  A formless jellyfish (Vaults:2)
  2 spriggan defenders (Depths:3)
  A ghoul (Crypt:2)
  2 draconian annihilators (Zot:1)
  8 ironbound preservers
  12 stone giants
  2 broodmothers (Depths:4)
  A deep elf demonologist (Elf:3)
  4 green draconians
  3 vampire knights
  3 deep elf death magi
  The ghost of Ted Jakhope the Black Belt, a journeyman MfSh of Okawaru (Lair:3)
  2 deep elf annihilators (Elf:3)
  2 ironbound thunderhulks
  3 red draconians
  Azrael (Orc:2)
  A lorocyproca (Depths:2)
  3 war gargoyles (Vaults:5)
  4 white draconians
  6 black draconians
  4 purple draconians
  4 dire elephants
  A halazid warlock (Desolation)
  3 spark wasps (Depths:3)
  2 yellow draconians
  An eidolon (Crypt:2)
  8 jiangshi
  6 crystal guardians
  3 merfolk javelineers
  9 ettins
  5 fire dragons
  Snorg (Lair:4)
  Josephine (D:13)
  3 great orbs of eyes
  4 deep elf high priests
  5 merfolk impalers
  Harold (D:11)
  An ice dragon (Depths:1)
  5 ragged hierophants (Desolation)
  26 vault guards
  3 peacekeepers
  2 salamander tyrants (Snake:4)
  9 yaktaur captains
  6 hydras
  6 rakshasas
  4 spriggan air magi
  2 demonspawn (Orc:2)
  4 anacondas
  A merfolk avatar (Shoals:4)
  3 ironbound frosthearts
  7 centaur warriors
  8 servants of whispers (Desolation)
  3 catoblepae
  3 ogre magi
  4 merfolk aquamancers (Shoals:4)
  A naga warrior (Snake:1)
  14 dancing weapons
  2 boulder beetles
  A sphinx skeleton (Depths:3)
  13 two-headed ogres
  6 hell hogs (Depths:2)
  12 death yaks
  2 deep troll shamans
  2 occultists
  3 tengu warriors
  6 vampire magi
  5 deep troll earth magi
  7 naga sharpshooters
  A demonic crawler (Depths:2)
  2 shock serpents
  5 spriggan berserkers
  Urug (Lair:4)
  4 orc high priests
  15 hell knights
  A sun demon (WizLab)
  8 deep elf knights
  2 titan skeletons
  A soul eater (WizLab)
  Nergalle (Lair:3)
  13 skeletal warriors
  An iron troll (Vaults:5)
  A golden dragon zombie (Depths:3)
  6 skysharks
  3 salamander mystics
  A sixfirhy (Orc:2)
  2 sea snakes (Shoals:4)
  4 shadow wraiths
  23 deep trolls
  4 mana vipers
  A death drake (Zot:1)
  2 sun moths (Depths:2)
  A shadow demon (WizLab)
  A swamp dragon (Lair:5)
  10 ironbound convokers
  A lindwurm (shapeshifter) (Vaults:5)
  2 naga ritualists
  3 arcanists
  3 deep elf archers
  A glowing orange brain (Vaults:2)
  2 flayed ghosts
  4 necromancers
  A lindwurm (Lair:5)
  9 harpies
  7 phantasmal warriors
  8 deep elf pyromancers
  15 orc knights
  A fire giant zombie (Depths:3)
  10 deep elf zephyrmancers
  13 orc sorcerers
  3 fauns (Shoals:3)
  5 manticores
  9 moths of wrath
  5 salamanders
  4 cyclopes
  An apocalypse crab (Abyss:2)
  20 ugly things
  6 vault sentinels
  3 meliai (D:13)
  3 merfolk sirens
  9 elephants
  3 guardian serpents
  Joseph (D:6)
  22 black mambas
  4 water nymphs (Shoals:4)
  4 kobold blastminers
  6 naga magi
  2 molten gargoyles (Depths:2)
  3 smoke demons
  A torpor snail (Lair:5)
  3 gargoyles
  An eye of devastation (Lair:5)
  9 cane toads
  Maggie (D:7)
  A spriggan zombie (Depths:1)
  A swamp worm zombie (Crypt:1)
  9 unseen horrors
  3 rime drakes
  5 komodo dragons
  5 kobold demonologists
  A tormentor (WizLab)
  9 yaktaurs
  A grey draconian skeleton (Crypt:2)
  A harpy zombie (Crypt:1)
  5 tengu conjurers
  6 freezing wraiths
  A queen bee (D:13)
  9 merfolk
  A hellwing (Depths:2)
  6 polar bears
  A human skeleton (Vaults:3)
  6 trolls
  6 wind drakes
  2 queen bees (shapeshifter)
  25 blink frogs
  A raiju (Depths:2)
  A raiju (shapeshifter) (Vaults:5)
  A glass eye (Lair:5)
  7 hornets
  26 saltlings (Desolation)
  A snapping turtle (shapeshifter) (Vaults:5)
  A snapping turtle (Shoals:4)
  6 dream sheep
  16 slime creatures
  2 ynoxinuls
  6 spriggans
  An air elemental (Shoals:4)
  2 centaur simulacra
  9 wyverns
  2 vampires
  6 water elementals
  66 yaks
  A shadow (D:11)
  2 hogs (shapeshifter)
  6 nameless horrors
  11 wraiths
  2 fire elementals (Orc:2)
  A human (D:14)
  4 wargs
  11 basilisks
  3 hogs
  A yak (shapeshifter) (D:14)
  6 vampire mosquitoes
  A steam dragon (Lair:5)
  A small abomination (Abyss:2)
  Menkaure (D:7)
  A chaos spawn (Depths:2)
  Edmund (D:6)
  10 acid dragons
  2 hell hounds (Orc:2)
  12 water moccasins
  13 nagas
  Duvessa (D:4)
  46 orc warriors
  6 black bears
  6 ice beasts
  3 swamp drakes (Lair:5)
  10 laughing skulls
  3 sky beasts
  12 ogres
  2 boggarts
  23 wolves
  16 centaurs
  A phantom (D:3)
  3 kobold brigands
  A brain worm (shapeshifter) (D:14)
  6 scorpions
  10 bullfrogs
  4 earth elementals
  A gnoll sergeant (D:11)
  6 wights
  Dowan (D:4)
  36 killer bees
  8 electric eels
  2 howler monkeys (D:12)
  4 bombardier beetles
  7 hounds
  5 jellies
  31 orc priests
  A gnoll bouda (D:7)
  7 iguanas
  A sleepcap (D:7)
  Natasha (thrice) (D:4)
  24 orc wizards
  A hell rat (Lair:5)
  A howler monkey zombie (Crypt:1)
  9 gnolls
  Robin (D:3)
  11 adders
  A shadow imp (D:6)
  5 white imps
  3 ufetubi
  5 dart slugs
  2 ribbon worms
  94 orcs
  18 bats
  A bat skeleton (Crypt:2)
  7 endoplasms
  4 giant cockroaches
  15 goblins
  15 hobgoblins
  9 jackals
  4 quokkas
  3 ball pythons (D:2)
  3 frilled lizards
  10 kobolds
  9 rats
  5 aspiring fleshes
  A fire vortex (Zot:4)
  2 foxfires (D:14)
  A tentacle (Shoals:1)
1658 creatures vanquished.

Vanquished Creatures (collateral kills)
  4 bone dragons
  9 tentacled monstrosities
  4 hellephants (Depths:2)
  A walking earthen tome (Depths:2)
  2 walking divine tomes
  3 sphinxes
  A deep elf blademaster (Elf:3)
  A walking frostbound tome (Depths:3)
  3 titans (Vaults:5)
  4 quicksilver dragons
  3 ancient champions
  2 death cobs (Zot:1)
  3 tentacled starspawn (Abyss:2)
  4 shadow dragons
  2 tengu reavers
  Aizul (Lair:2)
  A revenant (Crypt:2)
  A protean progenitor (Depths:4)
  8 storm dragons
  3 narguns (Depths:1)
  3 deep elf sorcerers (Elf:3)
  Ilsuiw (Shoals:3)
  2 fire giants
  5 nagarajas (Snake:4)
  A draconian knight (Zot:1)
  3 frost giants
  An iron dragon (Vaults:5)
  6 balrugs
  An imperial myrmidon (Desolation)
  A juggernaut zombie (Depths:1)
  A draconian scorcher (Zot:1)
  11 vault wardens
  2 deep elf elementalists
  2 curse skulls (Crypt:3)
  A cacodemon (WizLab)
  A draconian stormcaller (Zot:1)
  3 spriggan defenders
  9 ghouls
  A draconian annihilator (Zot:1)
  A caustic shrike skeleton (Depths:3)
  3 orc warlords
  8 very ugly things
  8 ironbound preservers
  3 vampire knights
  14 stone giants
  5 green draconians
  8 deep elf death magi
  2 black draconians (Zot:2)
  6 ironbound thunderhulks
  4 deep elf demonologists (Elf:3)
  4 deep elf annihilators (Elf:3)
  3 red draconians
  2 purple draconians
  4 war gargoyles
  3 white draconians
  2 yellow draconians
  9 dire elephants
  2 spark wasps (Depths:3)
  An ettin (Depths:4)
  A crystal guardian (Depths:2)
  7 eidola
  2 entropy weavers
  3 merfolk javelineers (Shoals:4)
  9 fire dragons
  2 yaktaur captains
  4 jiangshi
  2 ragged hierophants (Desolation)
  2 rakshasas
  5 great orbs of eyes
  5 ice dragons
  6 merfolk impalers
  A deep elf high priest (Elf:3)
  2 fenstrider witch zombies
  5 servants of whispers (Desolation)
  A quicksilver dragon skeleton (Depths:1)
  An ogre mage (Vaults:5)
  7 peacekeepers
  A hydra (Lair:5)
  6 ironbound frosthearts
  2 salamander tyrants (Depths:2)
  A catoblepas (Shoals:3)
  4 vault guards
  A centaur warrior (D:15)
  A spriggan skeleton (Depths:1)
  3 death knights
  4 anacondas
  A dancing weapon (Elf:1)
  A boulder beetle (Vaults:1)
  3 tengu warriors
  2 merfolk aquamancers
  A two-headed ogre (Vaults:5)
  3 death yaks (Shoals:3)
  4 deep troll earth magi
  2 satyrs (Shoals:3)
  2 deep troll shamans (Depths:2)
  6 vampire magi
  6 naga warriors
  A demonic crawler (Depths:2)
  A hell hog (Depths:2)
  A sun demon (WizLab)
  3 shock serpents
  9 naga sharpshooters
  5 occultists
  An orc high priest (Elf:3)
  3 soul eaters
  9 hell knights
  9 deep elf knights
  A wretched star (Abyss:2)
  2 salamander mystics
  7 skeletal warriors
  A sixfirhy (Depths:2)
  2 iron trolls (Depths:2)
  3 flayed ghosts (Crypt:3)
  6 skysharks
  6 arcanists
  22 deep trolls
  6 sea snakes
  9 mana vipers
  A bog body (Crypt:2)
  6 naga ritualists
  An anaconda skeleton (Crypt:2)
  2 glowing orange brains
  12 ironbound convokers
  2 swamp dragons (Depths:2)
  7 deep elf archers
  A large abomination (Abyss:2)
  8 phantasmal warriors
  5 harpies
  14 deep elf pyromancers
  12 lindwurms
  6 necromancers
  8 orc knights
  20 deep elf zephyrmancers
  The ghost of DaftaChap the Cleaver, a novice MDCA of Ignis (D:6)
  A frost giant zombie (Depths:1)
  A stone giant zombie (Vaults:3)
  16 ugly things
  A cyclops (Shoals:3)
  A fire giant zombie (Depths:3)
  2 worldbinders (Abyss:2)
  A goliath frog skeleton (Crypt:1)
  A wolf spider (D:15)
  6 manticores
  8 fauns
  A meliai (shapeshifter) (Elf:1)
  A jorogumo skeleton (Crypt:2)
  10 salamanders
  24 black mambas
  A centaur zombie (Crypt:2)
  12 moths of wrath
  A frost giant skeleton (Crypt:2)
  5 guardian serpents
  A shock serpent zombie (Crypt:2)
  16 vault sentinels
  10 naga magi
  6 smoke demons
  8 merfolk sirens
  A centaur skeleton (Crypt:3)
  6 water nymphs
  A molten gargoyle (Depths:2)
  A hellion (WizLab)
  2 human zombies
  A pale draconian zombie (Crypt:3)
  26 yaktaurs
  2 freezing wraiths
  A mana viper skeleton (Crypt:2)
  An efreet (D:10)
  A cane toad (shapeshifter) (Vaults:5)
  A black draconian skeleton (Crypt:3)
  A guardian mummy (Crypt:3)
  An ice devil (WizLab)
  2 tengu conjurers
  2 unseen horror skeletons
  An alligator snapping turtle skeleton (Crypt:3)
  12 wind drakes
  A merfolk (shapeshifter) (Depths:3)
  An iron troll skeleton (Crypt:3)
  11 merfolk
  6 raiju
  34 saltlings (Desolation)
  2 hornets (Depths:4)
  3 nameless horrors
  A dream sheep (Shoals:3)
  A death drake skeleton (Crypt:2)
  A harpy skeleton (Crypt:2)
  6 snapping turtles
  A draconian simulacrum (Crypt:2)
  11 slime creatures
  4 spriggans
  6 air elementals
  3 vampires (Vaults:3)
  19 water elementals
  A fire elemental (Elf:1)
  A warg (D:15)
  3 wraiths
  2 neqoxecs (Abyss:2)
  2 redbacks (shapeshifter)
  3 chaos spawn
  6 redbacks
  26 nagas
  An acid dragon (Depths:2)
  A glowing shapeshifter skeleton (Crypt:3)
  A hell hound (D:10)
  4 orc warriors
  An ogre (Vaults:5)
  9 laughing skulls
  A torpor snail zombie (Crypt:1)
  A dream sheep skeleton (Crypt:3)
  A komodo dragon skeleton (Crypt:1)
  5 small abominations (Abyss:2)
  A cyclops skeleton (Crypt:3)
  A queen bee zombie (Crypt:2)
  A yak zombie (Crypt:2)
  A polar bear skeleton (Crypt:3)
  An electric eel (Elf:3)
  A lava snake (D:10)
  A quasit (Abyss:2)
  A jelly (Abyss:2)
  Crazy Yiuf (D:7)
  An orc wizard (Elf:3)
  12 mummies (Crypt:3)
  A steam dragon skeleton (Crypt:1)
  8 orcs
  A gnoll skeleton (Crypt:1)
  A rat skeleton (Crypt:2)
  2 aspiring fleshes (Zot:2)
  A fire vortex (Crypt:3)
  13 foxfires
  A starspawn tentacle (Abyss:2)
966 creatures vanquished.

Vanquished Creatures (others)
  An air elemental (Elf:1)
  A kobold (D:10)
  209 fire vortices
  1537 foxfires
  6 starspawn tentacles (Abyss:2)
  3 tentacles (Shoals:1)
1757 creatures vanquished.

Grand Total: 4381 creatures vanquished

Notes
Turn   | Place    | Note
-------+----------+-------------------------------------------
     0 | D:1      | Sobieck the Mountain Dwarf Fire Elementalist began the
                  | quest for the Orb.
     0 | D:1      | Reached XP level 1. HP: 14/14 MP: 3/3
    97 | D:1      | Reached skill level 1 in Conjurations
   492 | D:1      | Reached XP level 2. HP: 22/22 MP: 0/5
   659 | D:1      | Learned a level 2 spell: Scorch
   662 | D:1      | Reached skill level 4 in Fire Magic
   839 | D:1      | Reached XP level 3. HP: 19/27 MP: 6/6
   912 | D:1      | Reached skill level 1 in Fighting
  1884 | D:2      | Reached XP level 4. HP: 28/35 MP: 0/7
  3268 | D:3      | Reached XP level 5. HP: 41/41 MP: 4/9
  3317 | D:3      | Noticed a phantom
  3356 | D:3      | Killed a phantom
  3357 | D:3      | Reached skill level 5 in Fire Magic
  3621 | D:3      | Reached skill level 1 in Armour
  3621 | D:3      | Reached skill level 3 in Spellcasting
  3884 | D:3      | Found Zadatueh's Jewellery Boutique.
  3977 | D:3      | Noticed Robin
  3986 | D:3      | Killed Robin
  4086 | D:3      | Reached XP level 6. HP: 48/48 MP: 1/10
  4629 | D:4      | Reached skill level 3 in Conjurations
  4839 | D:4      | Found a staircase to the Ecumenical Temple.
  4848 | Temple   | Entered the Ecumenical Temple
  4855 | Temple   | Became a worshipper of Vehumet
  4878 | D:4      | Noticed Natasha
  4883 | D:4      | Killed Natasha
  4897 | D:4      | Noticed Natasha
  4902 | D:4      | Killed Natasha
  4906 | D:4      | Noticed Natasha
  4910 | D:4      | Killed Natasha
  5013 | D:3      | Reached XP level 7. HP: 56/56 MP: 2/12
  5218 | D:4      | Identified the +3 spear "Ennan" {freeze, rElec rCorr
                  | Stlth+}
  5604 | D:4      | Noticed Dowan
  5627 | D:4      | Noticed Duvessa
  5811 | D:4      | Killed Duvessa
  5812 | D:4      | Reached skill level 3 in Fighting
  5812 | D:4      | Reached skill level 6 in Fire Magic
  5816 | D:4      | Killed Dowan
  6056 | D:3      | Bought a ring of magical power for 200 gold pieces
  6229 | D:4      | Identified the +1 scale mail "Vilis" {Harm Int-2 SInv
                  | Stlth-}
  6254 | D:4      | Found a broken altar of Ashenzari.
  6403 | D:5      | Entered Level 5 of the Dungeon
  6829 | D:5      | Reached XP level 8. HP: 63/63 MP: 14/14
  6942 | D:5      | Reached skill level 3 in Armour
  7014 | D:5      | Reached * piety under Vehumet
  7014 | D:5      | Offered knowledge of Shock by Vehumet.
  7121 | D:5      | Reached skill level 7 in Fire Magic
  8009 | D:6      | Reached skill level 8 in Fire Magic
  8009 | D:6      | Reached XP level 9. HP: 72/72 MP: 16/16
  8018 | D:6      | Learned a level 4 spell: Flame Wave
  8298 | D:6      | Reached ** piety under Vehumet
  8298 | D:6      | Offered knowledge of Freeze by Vehumet.
  8562 | D:6      | Found a runed translucent door.
  8562 | D:6      | Noticed DaftaChap's ghost (novice MDCA)
  9124 | D:6      | Noticed Edmund
  9132 | D:6      | Killed Edmund
  9133 | D:6      | Reached skill level 6 in Conjurations
  9166 | D:6      | Found a faded altar of an unknown god.
  9168 | D:6      | Found a hazy altar of Hepliaklqana.
  9372 | D:7      | Offered knowledge of Mephitic Cloud by Vehumet.
  9439 | D:7      | Noticed Maggie
  9446 | D:7      | Killed Maggie
  9447 | D:7      | Reached skill level 6 in Spellcasting
  9447 | D:7      | Reached skill level 9 in Fire Magic
  9692 | D:7      | Reached *** piety under Vehumet
  9705 | D:7      | Found an iron altar of Okawaru.
  9705 | D:7      | Found an opulent altar of Gozag.
  9708 | D:7      | Found a sacrificial altar of Ru.
  9764 | D:7      | Noticed Menkaure
  9940 | D:7      | Killed Menkaure
  9941 | D:7      | Reached XP level 10. HP: 74/83 MP: 19/19
  9953 | D:7      | Noticed Joseph
  9964 | D:6      | Killed Joseph
  9965 | D:6      | Reached skill level 10 in Fire Magic
 10210 | D:7      | Found Qibraz's Jewellery Shop.
 10305 | D:7      | Found a runed translucent door.
 10306 | D:7      | Noticed Crazy Yiuf
 10465 | D:8      | Found a shadowy altar of Dithmenos.
 10586 | D:8      | Reached skill level 6 in Fighting
 10682 | D:8      | Found a stormy altar of Qazlal.
 10982 | D:8      | Offered knowledge of Olgreb's Toxic Radiance by Vehumet.
 10988 | D:8      | Learned a level 4 spell: Olgreb's Toxic Radiance
 11123 | D:8      | Reached skill level 1 in Alchemy
 11134 | D:8      | Learned a level 4 spell: Ignite Poison
 11275 | D:8      | Reached skill level 3 in Alchemy
 11881 | D:9      | Noticed a two-headed ogre
 11894 | D:9      | Killed a two-headed ogre
 12080 | D:9      | Reached skill level 6 in Alchemy
 12123 | D:9      | Found a staircase to the Lair.
 12404 | D:9      | Found a burning altar of Makhleb.
 12472 | D:9      | Reached XP level 11. HP: 89/89 MP: 20/20
 12817 | D:9      | Reached **** piety under Vehumet
 12819 | D:9      | Reached skill level 11 in Fire Magic
 12945 | D:9      | Found the +7 Throatcutter {drain, coup de grace}
 12991 | D:9      | Offered knowledge of Iskenderun's Mystic Blast by Vehumet.
 12997 | D:9      | Learned a level 4 spell: Iskenderun's Mystic Blast
 13406 | D:10     | Entered Level 10 of the Dungeon
 13406 | D:10     | Noticed a two-headed ogre
 13409 | D:10     | Killed a two-headed ogre
 13645 | D:10     | Found a flagged portal.
 13694 | Bailey   | Entered a bailey
 13773 | Bailey   | Noticed an orc knight
 13783 | Bailey   | Killed an orc knight
 14050 | Bailey   | Found a large runed translucent door.
 14050 | Bailey   | Found a large runed translucent door.
 14051 | Bailey   | Noticed a deep elf zephyrmancer
 14052 | Bailey   | Found the +2 pair of slick slippers {slick, slippery, EV+4}
 14091 | Bailey   | Killed a deep elf zephyrmancer
 14092 | Bailey   | Reached skill level 12 in Fire Magic
 14249 | D:10     | Reached skill level 9 in Conjurations
 14483 | D:10     | Noticed a two-headed ogre
 14491 | D:10     | Killed a two-headed ogre
 14593 | D:7      | Bought an amulet of magic regeneration for 480 gold pieces
 14700 | D:10     | Found a sparkling altar of Nemelex Xobeh.
 14746 | D:10     | Noticed a two-headed ogre
 14750 | D:10     | Killed a two-headed ogre
 15158 | D:11     | Noticed a two-headed ogre
 15167 | D:11     | Killed a two-headed ogre
 15195 | D:11     | Noticed a two-headed ogre
 15201 | D:11     | Killed a two-headed ogre
 15202 | D:11     | Reached skill level 1 in Translocations
 15202 | D:11     | Reached XP level 12. HP: 83/101 MP: 21/21
 15268 | D:11     | Reached skill level 13 in Fire Magic
 15351 | D:11     | Reached ***** piety under Vehumet
 15351 | D:11     | Offered knowledge of Conjure Ball Lightning by Vehumet.
 15475 | D:11     | Reached skill level 3 in Translocations
 15752 | D:11     | Noticed Harold
 15759 | D:11     | Killed Harold
 16174 | D:11     | Found a staircase to the Orcish Mines.
 16194 | Orc:1    | Entered Level 1 of the Orcish Mines
 16369 | Orc:1    | Noticed a two-headed ogre
 16376 | Orc:1    | Killed a two-headed ogre
 16597 | Orc:2    | Entered Level 2 of the Orcish Mines
 16703 | Orc:2    | Found Kaxkocat's Jewellery Emporium.
 16776 | Orc:2    | Noticed an orc warlord
 16877 | Orc:2    | Offered knowledge of Brom's Barrelling Boulder by Vehumet.
 17174 | Orc:2    | Killed an orc warlord
 17411 | Orc:1    | Reached skill level 12 in Conjurations
 17490 | Orc:2    | Noticed Azrael
 18180 | D:12     | Reached XP level 13. HP: 31/107 MP: 22/22
 18996 | Lair:1   | Entered Level 1 of the Lair of Beasts
 20501 | Lair:2   | Found a staircase to the Snake Pit.
 20812 | Lair:2   | Reached skill level 15 in Conjurations
 20812 | Lair:2   | Offered knowledge of Fireball by Vehumet.
 21595 | Lair:3   | Found a staircase to the Shoals.
 21608 | Lair:3   | Noticed Nergalle
 21621 | Lair:3   | Killed Nergalle
 21657 | Lair:3   | Reached XP level 14. HP: 99/115 MP: 23/23
 21951 | Lair:3   | Noticed Kirke
 21957 | Lair:3   | Killed Kirke
 22020 | Lair:2   | Learned a level 7 spell: Orb of Destruction
 22047 | Lair:3   | Found a runed translucent door.
 22050 | Lair:3   | Noticed Ted Jakhope's ghost (journeyman MfSh)
 22051 | Lair:3   | Identified the +2 trident "Nued" {venom, Int+3 Stlth+}
 23036 | Lair:4   | Noticed Snorg
 23040 | Lair:4   | Killed Snorg
 23041 | Lair:4   | Reached skill level 1 in Shields
 23041 | Lair:4   | Reached skill level 1 in Evocations
 23233 | Lair:4   | Noticed Urug
 23240 | Lair:4   | Killed Urug
 23417 | Lair:5   | Entered Level 5 of the Lair of Beasts
 23486 | Lair:5   | Offered knowledge of Plasma Beam by Vehumet.
 23516 | Lair:5   | Reached skill level 3 in Shields
 23947 | Lair:5   | Reached skill level 9 in Spellcasting
 24378 | Lair:5   | Learned a level 6 spell: Plasma Beam
 24481 | Lair:5   | Reached skill level 1 in Air Magic
 24699 | Lair:5   | Found a viscous altar of Jiyva.
 24699 | Lair:5   | Found a staircase to the Slime Pits.
 24804 | Lair:5   | Reached XP level 15. HP: 37/123 MP: 18/29
 25304 | Lair:5   | Reached skill level 3 in Air Magic
 25379 | Lair:5   | Identified the amulet of Jafetuci {RegenMP rPois Dex+3
                  | Slay+2}
 25951 | Orc:2    | Killed Azrael
 26286 | Orc:2    | Identified the +9 scimitar of Extermination {flame, rPois}
 26619 | Orc:2    | Found a staircase to the Elven Halls.
 26624 | Orc:2    | Offered knowledge of Starburst by Vehumet.
 26628 | Orc:2    | Reached skill level 6 in Air Magic
 26933 | Orc:2    | Found Lahuiky's General Store.
 26935 | Orc:2    | Reached ****** piety under Vehumet
 26936 | Orc:2    | Found Zerie's General Store.
 27046 | Orc:2    | Identified the +4 chain mail of Toothy Birdsong {Int+3}
 27056 | Orc:2    | Reached skill level 14 in Fire Magic
 27322 | Orc:2    | Reached skill level 1 in Summonings
 27434 | Orc:2    | Found Namumar's Antique Weapon Shop.
 27434 | Orc:2    | Found Juamaosu's Book Boutique.
 27435 | Orc:2    | Found a one-way gate leading to the halls of Pandemonium.
 27439 | Orc:2    | Bought an Everburning Encyclopedia for 608 gold pieces
 27439 | Orc:2    | Bought a book of Spectacle for 768 gold pieces
 27974 | D:13     | Reached skill level 3 in Summonings
 28767 | D:13     | Noticed a frost giant
 28772 | D:13     | Killed a frost giant
 28851 | D:13     | Noticed Josephine
 28944 | D:13     | Offered knowledge of Arcjolt by Vehumet.
 29141 | D:13     | Killed Josephine
 29666 | D:14     | Reached XP level 16. HP: 129/129 MP: 30/30
 29849 | D:14     | Reached skill level 6 in Summonings
 30592 | D:14     | Found a gate to the Vaults.
 30669 | D:14     | Noticed a tengu reaver
 30688 | D:14     | Killed a tengu reaver
 31094 | D:14     | Offered knowledge of Ozocubu's Refrigeration by Vehumet.
 31358 | D:14     | Found a shimmering blue altar of Sif Muna.
 31501 | D:15     | Entered Level 15 of the Dungeon
 31655 | D:14     | Learned a level 7 spell: Spellforged Servitor
 31893 | D:15     | Reached skill level 12 in Spellcasting
 32571 | D:15     | Reached skill level 9 in Summonings
 32614 | D:15     | Found a staircase to the Depths.
 32866 | Snake:1  | Entered Level 1 of the Snake Pit
 33015 | Snake:1  | Noticed Louise
 33016 | Snake:1  | Noticed Donald
 33060 | Lair:2   | Killed Donald
 33065 | Snake:1  | Identified the serpent talisman of Fun {rElec}
 33065 | Snake:1  | Noticed Aizul
 33258 | Abyss:2  | Cast into level 2 of the Abyss (Louise)
 33447 | Abyss:2  | Noticed a tentacled starspawn
 33448 | Abyss:2  | Killed a tentacled starspawn
 33456 | Abyss:2  | Noticed a tentacled starspawn
 33458 | Abyss:2  | Killed a tentacled starspawn
 33476 | Abyss:2  | Noticed a tentacled starspawn
 33485 | Abyss:2  | Killed a tentacled starspawn
 33530 | Abyss:2  | Noticed a tentacled starspawn
 33534 | Abyss:2  | Killed a tentacled starspawn
 33586 | Abyss:2  | Found a blossoming altar of Fedhas.
 33658 | Snake:1  | Escaped the Abyss
 33664 | Lair:2   | Offered knowledge of Lehudib's Crystal Spear by Vehumet.
 33664 | Lair:2   | Offered knowledge of Fire Storm by Vehumet.
 33664 | Lair:2   | Offered knowledge of Shatter by Vehumet.
 33821 | Shoals:1 | Entered Level 1 of the Shoals
 33928 | Shoals:1 | Reached XP level 17. HP: 136/136 MP: 33/33
 34029 | Shoals:1 | Reached skill level 15 in Fire Magic
 34069 | Shoals:1 | Learned a level 8 spell: Ignition
 34311 | Shoals:1 | Noticed a kraken
 34317 | Shoals:1 | Killed a kraken
 34971 | Shoals:2 | Reached skill level 16 in Fire Magic
 35051 | Shoals:2 | Found a runed translucent gate.
 35197 | Shoals:2 | Found a runed translucent gate.
 35197 | Shoals:2 | Found a runed translucent gate.
 35198 | Shoals:2 | Noticed Seonuisi's ghost (adept CoFi)
 35453 | Shoals:2 | Noticed Cyneqa's ghost (adept MiBe)
 35516 | Shoals:3 | Noticed Ilsuiw
 35523 | Shoals:3 | Killed Ilsuiw
 35615 | Shoals:3 | Reached skill level 17 in Fire Magic
 35888 | Shoals:3 | Noticed Polyphemus
 35897 | Shoals:3 | Killed Polyphemus
 36380 | Shoals:4 | Entered Level 4 of the Shoals
 36394 | Shoals:4 | Reached skill level 18 in Fire Magic
 36604 | Shoals:4 | Found a blossoming altar of Fedhas.
 36698 | Shoals:4 | Reached skill level 9 in Fighting
 36804 | Shoals:4 | Found a glowing golden altar of the Shining One.
 36807 | Shoals:4 | Reached skill level 3 in Evocations
 37005 | Shoals:4 | Reached XP level 18. HP: 101/146 MP: 25/35
 37245 | Shoals:4 | Identified the +2 hand axe of Uncertain Death {venom,
                  | Int+3}
 37661 | Shoals:4 | Got a barnacled rune of Zot
 38157 | Lair:2   | Killed Aizul
 38411 | Snake:1  | Reached skill level 19 in Fire Magic
 38414 | Snake:1  | Killed Louise
 38692 | Lair:3   | Killed Ted Jakhope's ghost
 38880 | Snake:1  | Reached skill level 6 in Armour
 38923 | Snake:1  | Reached skill level 6 in Shields
 39110 | Snake:1  | You fall into a shaft and drop 1 floor!
 39593 | Snake:2  | Found the +5 Lochaber axe {reach-cleave, Poleaxe ^Drain}
 39630 | Snake:2  | Noticed Mlioglotl
 39638 | Snake:2  | Killed Mlioglotl
 39759 | Snake:2  | Found Tuigepue's Antique Weapon Shop.
 39884 | Snake:2  | Found an opulent altar of Gozag.
 40818 | Snake:4  | Entered Level 4 of the Snake Pit
 40819 | Snake:4  | Noticed Vashnia
 40828 | Snake:4  | Killed Vashnia
 41190 | Snake:4  | Reached XP level 19. HP: 119/160 MP: 25/36
 41196 | Snake:3  | Reached skill level 12 in Fighting
 41328 | Snake:4  | Noticed Mara
 41619 | Snake:4  | Reached skill level 9 in Armour
 41620 | Snake:4  | Reached skill level 9 in Shields
 42111 | Snake:4  | Found a transporter.
 42121 | Snake:4  | Found a transporter.
 42221 | Snake:4  | Identified the +1 robe "Ivvimethrei" {rF+ Regen+}
 42356 | Snake:4  | Killed Mara
 42727 | Orc:2    | Bought a ring of wizardry for 510 gold pieces
 43422 | Snake:4  | Noticed cforsyth's ghost (adept CoGl)
 43635 | Snake:4  | Got a serpentine rune of Zot
 43975 | Vaults:1 | Entered Level 1 of the Vaults
 44656 | Vaults:1 | Found Ylizum's Distillery.
 44774 | Vaults:1 | Bought a potion of cancellation for 152 gold pieces
 45901 | Vaults:2 | Paralysed by a sphinx for 2 turns
 45937 | Vaults:2 | Reached skill level 20 in Fire Magic
 46536 | Vaults:2 | Reached skill level 21 in Fire Magic
 46909 | Vaults:2 | Reached XP level 20. HP: 171/171 MP: 37/37
 46917 | Vaults:2 | Noticed Sojobo
 46920 | Vaults:2 | Killed Sojobo
 47025 | Vaults:2 | Identified the orb "Gaurastra" {light, ^Drain rPois Ice}
 47025 | Vaults:2 | Noticed Frederick
 47034 | Vaults:2 | Killed Frederick
 47035 | Vaults:2 | Reached skill level 22 in Fire Magic
 47990 | Vaults:2 | Learned a level 9 spell: Fire Storm
 48153 | Vaults:3 | Reached skill level 23 in Fire Magic
 48198 | Vaults:3 | Found a crumbling gateway.
 48209 | Desolati | Entered the Desolation of Salt
 48464 | Desolati | Identified the ring of Bynevode {+Blink rPois rC- rN++
                  | MP+9}
 48467 | Desolati | Identified the ring "Tih Luxt" {rC++ Dex+6}
 48727 | Desolati | Reached skill level 24 in Fire Magic
 49078 | Desolati | Got the Book of the Reshaped Fault
 49080 | Desolati | Identified the ring "Ciuvvux" {Ice ^Contam +Blink rElec
                  | Dex+3}
 49083 | Desolati | Identified the +12 falchion of Gin and Tonic {freeze,
                  | Str+4}
 49083 | Desolati | Identified the amulet "Nohuv" {Faith Harm ^Fragile Str+3
                  | SInv}
 49103 | Desolati | Got Penkaria's Spellbook of Metallic Flames
 49607 | Vaults:3 | Reached XP level 21. HP: 178/178 MP: 38/38
 49696 | Vaults:3 | Found a staircase to the Crypt.
 50004 | Vaults:3 | Noticed an ancient lich
 50017 | Vaults:3 | Killed an ancient lich
 50040 | Vaults:3 | Reached skill level 25 in Fire Magic
 50814 | Vaults:4 | Found a magical portal.
 50834 | WizLab   | Entered Doroklohe's Tomb
 51204 | WizLab   | Identified the +0 acid dragon scales of Jetraf {Will+ rCorr
                  | Str+3 Stlth-}
 51303 | WizLab   | Identified the +0 ring mail of Precision Catastrophes
                  | {rElec rN+ Str-4 Dex+4}
 51336 | WizLab   | Identified the granite talisman of the Wilderness {Int+6
                  | Stlth+}
 51720 | Vaults:4 | Reached skill level 18 in Conjurations
 52560 | Vaults:4 | Found Reywk's Assorted Antiques.
 53153 | Elf:1    | Entered Level 1 of the Elven Halls
 53204 | Elf:1    | Identified the +5 hand axe of Kutailed {flame, rPois rF-
                  | Str+4}
 53302 | Elf:1    | Reached skill level 26 in Fire Magic
 53758 | Elf:1    | Found Nidom Xeg's Weapon Shoppe.
 54524 | Elf:2    | Identified the +0 tower shield "Eqai" {rPois Str+2 Int+2}
 54666 | Elf:2    | Reached skill level 27 in Fire Magic
 54667 | Elf:2    | Reached XP level 22. HP: 185/185 MP: 35/39
 54830 | Elf:2    | Found Nam Beas's Weapon Boutique.
 54973 | Elf:2    | Found a runed translucent gate.
 54973 | Elf:2    | Found a runed translucent gate.
 54973 | Elf:2    | Found a runed translucent gate.
 55045 | Elf:3    | Entered Level 3 of the Elven Halls
 55298 | Elf:3    | Found an ancient bone altar of Kikubaaqudgha.
 56109 | Elf:3    | Identified the +7 glaive of Naishiu {flame, rF+ rN+ Str+3
                  | Stlth+}
 56111 | Elf:3    | Identified the +7 broad axe "Javium" {heavy, *Corrode Dex+4
                  | Stlth+}
 56220 | Elf:3    | Identified the ring "Ycvelaf" {rElec Will+ Str-3 Int+6}
 56254 | Elf:3    | Identified the +0 morningstar "Waneem" {heavy, rF++ Dex+3}
 56420 | Elf:3    | Identified the +7 whip "Latukis" {heavy, rN+ Str+3 SInv}
 56420 | Elf:3    | Identified the ring "Tousy" {rPois rC++ Will+ Dex-4 Stlth+}
 56445 | Elf:3    | Upgraded the game from 0.32-a0-473-gd044c6f0f0 to
                  | 0.32-a0-485-g70f7560b1c
 56602 | Elf:3    | Identified the +7 ice dragon scales of Valiance {+Blink rF-
                  | rC++ Slay+3}
 56822 | Elf:3    | Got the Parchment of Fettered Assaults
 56848 | Elf:3    | Reached skill level 12 in Armour
 57712 | Crypt:1  | Entered Level 1 of the Crypt
 58476 | Crypt:1  | Noticed Vv
 58485 | Crypt:1  | Killed Vv
 59582 | Crypt:2  | Reached skill level 12 in Shields
 60197 | Crypt:3  | Entered Level 3 of the Crypt
 60245 | Crypt:3  | Found a basalt altar of Yredelemnul.
 60301 | Crypt:3  | Reached XP level 23. HP: 198/198 MP: 31/40
 60580 | Crypt:3  | Noticed Jory
 60583 | Crypt:3  | Killed Jory
 60592 | Crypt:3  | Reached skill level 15 in Fighting
 60873 | Crypt:3  | Noticed a curse toe
 61208 | Crypt:3  | Killed a curse toe
 61326 | Crypt:3  | Found a staircase to the Tomb.
 62238 | Crypt:3  | Noticed an ancient lich
 62238 | Crypt:3  | Noticed a dread lich
 62245 | Crypt:3  | Killed an ancient lich
 62246 | Crypt:3  | Killed a dread lich
 62289 | Crypt:3  | Noticed an ancient lich
 62289 | Crypt:3  | Noticed a dread lich
 62292 | Crypt:3  | Killed an ancient lich
 62294 | Crypt:3  | Killed a dread lich
 62378 | Crypt:3  | Identified the staff "Fithusoh" {rN+ Dex+3 Necro}
 62389 | Crypt:3  | Identified the amulet "Zuomeulo" {Faith Regen+ SInv}
 62389 | Crypt:3  | Identified the ring "Fojaot" {rPois rF+ rN++ EV+5}
 62389 | Crypt:3  | Identified the ring of the Wizarding Oracle {rN++ Int+6}
 62399 | Crypt:3  | Identified the ring of the Kraken {Ice ^Drain rElec rPois
                  | rN+ rCorr}
 62738 | Crypt:3  | Learned a level 5 spell: Irradiate
 63049 | Depths:1 | Entered Level 1 of the Depths
 63292 | Depths:1 | Identified the +6 double sword of Cijoeriz {heavy, rCorr
                  | Int+5}
 63536 | Depths:1 | Found Namodibb's Book Emporium.
 63536 | Depths:1 | Found Exzump's Jewellery Shop.
 63537 | Depths:1 | Found Vakhle Juysku's Book Emporium.
 63570 | Depths:1 | Found a gateway to Hell.
 63766 | Depths:1 | Upgraded the game from 0.32-a0-485-g70f7560b1c to
                  | 0.32-a0-520-g344ed53f66
 63845 | Depths:1 | Reached skill level 15 in Armour
 64208 | Depths:2 | Reached skill level 1 in Earth Magic
 64312 | Depths:2 | Reached skill level 3 in Earth Magic
 64443 | Depths:2 | Reached skill level 6 in Earth Magic
 64561 | Depths:2 | Noticed a caustic shrike
 64564 | Depths:2 | Killed a caustic shrike
 64720 | Depths:2 | Identified the ring "Qeggocid" {^Drain Fly rElec MP+9}
 64941 | Depths:2 | Noticed a shard shrike
 65039 | Depths:1 | Reached XP level 24. HP: 188/210 MP: 34/40
 65404 | Depths:1 | Reached skill level 9 in Earth Magic
 65531 | Depths:2 | Learned a level 8 spell: Lehudib's Crystal Spear
 65639 | Depths:2 | Killed a shard shrike
 66749 | Depths:2 | Identified the +7 hand cannon of Popular Demand {penet,
                  | rElec rF++ rN+}
 66800 | Depths:2 | Found a one-way gate to the infinite horrors of the Abyss.
 67023 | Depths:1 | Noticed an ancient lich
 67575 | Depths:2 | Found a one-way gateway to a ziggurat.
 67715 | Depths:3 | Noticed Norris
 67719 | Depths:3 | Killed Norris
 67720 | Depths:3 | Reached skill level 12 in Earth Magic
 68175 | Depths:3 | Noticed Mennas
 68634 | Depths:3 | Reached skill level 15 in Spellcasting
 69177 | Depths:3 | Identified the granite talisman "Woreqi Saan" {rCorr Dex+2}
 69484 | Depths:3 | Reached XP level 25. HP: 193/216 MP: 42/42
 69539 | Depths:3 | Identified the ring "Tuplem" {rF+ Will- Str+4 Dex+8 Stlth+}
 69959 | Depths:3 | Identified the +1 leather armour of Cuare {+Inv rCorr}
 70106 | Depths:4 | Entered Level 4 of the Depths
 70869 | Depths:4 | Reached skill level 15 in Earth Magic
 70975 | Depths:4 | Found a hide-covered altar of Uskayaw.
 71985 | Depths:4 | Found a gate to the Realm of Zot.
 72563 | Orc:2    | Bought a potion of heal wounds for 80 gold pieces
 72563 | Orc:2    | Bought a potion of magic for 128 gold pieces
 72563 | Orc:2    | Bought a potion of mutation for 128 gold pieces
 72920 | Vaults:4 | Bought a scroll of enchant armour for 292 gold pieces
 73080 | Vaults:1 | Bought a potion of brilliance for 76 gold pieces
 73080 | Vaults:1 | Bought a potion of heal wounds for 95 gold pieces
 73080 | Vaults:1 | Bought a potion of resistance for 190 gold pieces
 73080 | Vaults:1 | Bought a potion of invisibility for 152 gold pieces
 73341 | D:6      | Killed DaftaChap's ghost
 73429 | D:7      | Killed Crazy Yiuf
 74034 | Shoals:2 | Killed Cyneqa's ghost
 74036 | Shoals:2 | Killed Seonuisi's ghost
 74592 | Vaults:5 | Entered Level 5 of the Vaults
 74627 | Vaults:5 | Identified the +8 falchion of the First Songs {spect, rElec
                  | Str+4}
 74922 | Vaults:5 | Reached XP level 26. HP: 224/224 MP: 37/44
 75215 | Vaults:5 | Identified the staff of Popular Demand {rPois rN+ Str+2
                  | Dex-5 Alchemy}
 75796 | Vaults:5 | Reached skill level 18 in Earth Magic
 76002 | Vaults:5 | Identified the +9 quarterstaff of Action {vamp, rPois}
 76167 | Vaults:5 | Got a silver rune of Zot
 76208 | Vaults:5 | Identified the +1 pair of boots of the Valley {Fly}
 76681 | Zot:1    | Entered Level 1 of the Realm of Zot
 77310 | Depths:4 | Gained mutation: You are clumsy. (Dex -2) [mutagenic glow]
 77568 | Zot:1    | Upgraded the game from 0.32-a0-520-g344ed53f66 to
                  | 0.32-a0-540-g866d13106e
 77599 | Zot:1    | Reached skill level 18 in Spellcasting
 78337 | Zot:1    | Noticed an orb of fire
 78350 | Zot:1    | Killed an orb of fire
 78737 | Zot:1    | Found an iron altar of Okawaru.
 81112 | Zot:3    | Noticed Feng's ghost (veteran OnBe)
 81124 | Zot:3    | Found a runed translucent gate.
 81124 | Zot:3    | Found a runed translucent gate.
 81124 | Zot:3    | Found a runed translucent gate.
 83578 | Zot:4    | Noticed an orb of fire
 83584 | Zot:4    | Gained mutation: You are occasionally teleported next to
                  | monsters. [an orb of fire]
 83585 | Zot:4    | Killed an orb of fire
 83586 | Zot:4    | Reached XP level 27. HP: 155/231 MP: 26/46
 83693 | Zot:5    | Entered Level 5 of the Realm of Zot
 83734 | Zot:5    | Noticed an ancient lich
 83735 | Zot:5    | Noticed an orb of fire
 83739 | Zot:5    | Killed from afar by a Killer Klown

Illustrated notes

Levels and vault maps discovered:
D:1:      roderic_crossed_star, layout_basic, hangedman_decor_clover_reticule
D:2:      layout_basic, kennysheep_generic_room_13
D:3:      layout_basic, serial_shops, nicolae_shop_statue_plus, uniq_robin
D:4:      layout_cave_pools, kennysheep_little_box, minmay_temple_entry_mist,
          nrook_loot_triangle, nicolae_zen_rock_garden, uniq_duvessa,
          uniq_natasha
D:5:      layout_basic, minmay_circle_x
D:6:      old_forge, layout_loops_ring, beargit_hepliaklqana_dungeon_heroes,
          gammafunk_ghost_grave
D:7:      layout_rooms, minitemple, serial_shops,
          nicolae_shop_getting_attention, uniq_crazy_yiuf_cottage, uniq_joseph,
          uniq_menkaure, uniq_maggie
D:8:      layout_gridville, lemuel_crystal_altar,
          nicolae_dithmenos_through_a_glass_darkly, st_stairs_2
D:9:      layout_grid_maze, amcnicky_altar_gilded,
          grunt_lair_entry_orc_guard_hut
D:10:     lemuel_flame_loot_2, layout_irregular_city,
          nemelex_xobeh_ov_fountains_minmay, enter_bailey_2
D:11:     layout_roguey, erik_orc_2, uniq_harold
D:12:     layout_gridville
D:13:     layout_loops_ring, special_room [special_room_bee], minmay_evil_grid,
          uniq_josephine
D:14:     minmay_connected_boxes_in_corner, layout_loops_ring,
          hellmonk_vaults_keyhole, lemuel_tele_altar, serial_ice, serial_ice_f,
          serial_ice_g, serial_ice_h, serial_ice_j, serial_ice_b, serial_ice_n,
          serial_ice_m
D:15:     gammafunk_enter_depths_forms, layout_loops_ring,
          hangedman_decor_peaks_small
Temple:   cyrus_circular_temple
Lair:1:   layout_roguey, serial_bayou_shore_b, lemuel_fruit_fields,
          infiniplex_staircase_pool_2, grunt_megastairs_2, serial_bayou_shore_b
Lair:2:   layout_gridlike, minmay_snake_entry_guardpost_small, enter_volcano_4,
          infiniplex_staircase_pool
Lair:3:   layout_misc_corridors, nicolae_shoals_entry_roost,
          gauntlet_entry_generic, ebering_ghost_funeral_grove,
          portal_ice_cave_entry_pillars_2, serial_bayou_shore_b, uniq_kirke,
          uniq_nergalle
Lair:4:   layout_hall_layers, beast_lair_carwin_2, uniq_snorg, uniq_urug
Lair:5:   hangedman_lair_in_review, layout_regular_city,
          guppyfry_lair_end_dragon, minmay_slime_entry_eyes,
          kennysheep_basilisk_garden
Shoals:1: layout_shoals
Shoals:2: layout_shoals, gammafunk_ghost_cemetery
Shoals:3: nicolae_shoals_island_circles, layout_shoals, uniq_ilsuiw,
          uniq_polyphemus
Shoals:4: shoals_end_hellmonk_storm_palace [storm_palace_center_ruins,
          storm_palace_corner_altar, storm_palace_corner_blocked,
          storm_palace_corner_pillars, storm_palace_corner_altar]
Snake:1:  layout_onion_interference, st_stairs_6, uniq_aizul, uniq_donald,
          uniq_louise
Snake:2:  layout_onion_interference, basic_altar, serial_shops,
          nicolae_shop_waterfront, uniq_mlioglotl
Snake:3:  layout_grid_shapes
Snake:4:  grunt_snake_rune_pools, layout_onion, gammafunk_ghost_abyssal_escape,
          uniq_mara, uniq_vashnia
Orc:1:    layout_caves, serial_shops, nicolae_shop_tiny_statue_garden,
          mines2_lemuel
Orc:2:    pf_orc_diabolical, layout_caves, serial_shops,
          nicolae_shop_gaudy_bauble, elf_legates, uniq_azrael
Elf:1:    eino_elf_arrival_the_gate, layout_geoelf_diagonals, serial_shops,
          nicolae_square_shop, minivault_28
Elf:2:    elven_hall_of_blades_hangedman_original [grunt_blade_entry_basic],
          layout_geoelf_grid, serial_shops, nicolae_shop_just_a_little_nook
Elf:3:    minmay_elf_hall_x, layout_geoelf_castle, basic_altar
Vaults:1: vaults_room_grid, nicolae_vaults_house_2,
          nicolae_vaults_frosty_reception, nicolae_vaults_little_squares_6,
          vaults_dpeg_spiral, v_misc_33, v_rooms_2,
          nicolae_vaults_storage_room_water, lightli_orcish_oven,
          nicolae_vaults_cochlea, ontoclasm_vaults_ring_large,
          nicolae_vaults_little_ls, vaults_dpeg_doors, layout_vaults_maze,
          serial_shops, shop
Vaults:2: nicolae_vaults_know_your_exits, hangedman_vaults_snaps,
          vaults_room_grunt_arrival_ludios, nicolae_vaults_trapezoid_lopsided_3,
          nicolae_vaults_puzzle_piece, grunt_vaults_hallway_short, v_misc_2,
          nicolae_vaults_wrenched, vaults_room_boxed,
          nicolae_vaults_variable_pillar_hall, nicolae_vaults_prndl,
          layout_vaults_omnicross, uniq_sojobo, uniq_frederick
Vaults:3: portal_desolation_entry_garden, hangedman_vaults_variations,
          nicolae_vaults_closet_pinwheel_6, nicolae_vaults_mini_display_case,
          ontoclasm_vaults_loading_screen, vaults_room_fours,
          minmay_crypt_entry_vampire_xt, ontoclasm_vaults_shout,
          nicolae_vaults_trapezoid_3, vaults_room_grid,
          vaults_mumra_minichess_inversion, nicolae_vaults_stepped_doors,
          nicolae_vaults_variable_pillar_hall, layout_vaults_ring
Vaults:4: infiniplex_enter_wizlab_water, nicolae_vaults_whirlpool_walls,
          nicolae_vaults_surprise_closet, nicolae_vaults_ninety_degrees,
          ontoclasm_vaults_decontamination, nicolae_vaults_prndl,
          vaults_standard_mumra_lines, nicolae_vaults_closet_pinwheel_5,
          hangedman_vaults_corner_blocks, nicolae_vaults_variable_pillar_hall,
          vaults_dpeg_hooks, layout_vaults_quadrants, serial_shops,
          nicolae_shop_back_alley_shop
Vaults:5
Crypt:1:  layout_regular_city, uniq_vv
Crypt:2:  layout_gridlike, st_stairs_13, grunt_megastairs_4
Crypt:3:  david_glass_crypt, layout_basic,
          nicolae_tomb_entry_unfolded_pyramid_orthogonal, basic_altar,
          serial_sigils, serial_sigils_hangedman_scar,
          serial_sigils_hangedman_shear, serial_sigils_hangedman_quiver,
          serial_sigils_hangedman_clutch, serial_sigils_hangedman_gut, uniq_jory
Depths:1: minmay_skeletal_surprise, layout_cave_shapes, serial_glass,
          glass_columns_a, glass_columns_a, minmay_strange_pillars,
          minmay_strange_pillars, minmay_strange_pillars, due_unseen_surprise,
          hell_entry, hex_medium, nicolae_rock_paper_scissors, minmay_shop_grove
Depths:2: hellmonk_hyper_hexagons [hex_subvault_four_corners,
          hex_subvault_filled, hex_subvault_octagon, hex_subvault_rings,
          hex_subvault_fishy, hex_subvault_bowtie, hex_subvault_empty],
          pan_entry, hell_entry, abyss_entry
Depths:3: nicolae_herringbone, layout_gridlike, nicolae_trove_entry_crystal,
          abyss_entry_crystal, lightli_too_deep,
          minmay_staircase_windowed_large, uniq_mennas, uniq_josephina,
          uniq_norris
Depths:4: evilmike_zot_entry_hall, layout_gridlike, hell_entry,
          hangedman_decor_opposing, nicolae_uskayaw_murder_on_the_dancefloor,
          grunt_megastairs_3
Zot:1:    layout_cathedral_of_symmetry, regret_index_zotdec_fiery_em,
          st_small_dragon_hoard_5
Zot:2:    layout_concentric_octagons, regret_index_zotdec_decaying_vile
Zot:3:    layout_basic, gammafunk_ghost_split
Zot:4:    grunt_zot_stairs_mandelzot, layout_cathedral_of_symmetry,
          regret_index_zotdec_banners
Zot:5:    layout_misc_corridors, kennysheep_underground_church

Skill      XL: |  1  2  3  4  5  6  7  8  9 10 11 12 13 14 15 16 17 18 19 20 21 22 23 24 25 26 |
---------------+-------------------------------------------------------------------------------+-----
Conjurations   | 1 2 3 4 5 6 7 9 12 15 16 17 18 20 | 20.0
Spellcasting   | 2 3 4 5 6 10 12 13 15 17 19 | 19.2
Fire Magic     | 4 5 6 8 9 10 12 13 14 18 19 21 24 27 | 27.0
Fighting       | 1 2 3 4 5 6 8 9 11 13 14 16 | 16.0
Armour         | 1 2 3 5 8 11 13 15 17 | 17.0
Alchemy        | 6 |  6.0
Translocations | 1 4 |  4.0
Shields        | 3 4 8 10 12 | 12.0
Evocations     | 1 3 5 |  5.0
Air Magic      | 2 7 |  7.0
Summonings     | 5 10 | 10.0
Earth Magic    | 8 13 17 20 | 20.2
Dodging        | |  1.3
Stealth        | |  1.4

Action                     |  1- 3 |  4- 6 |  7- 9 | 10-12 | 13-15 | 16-18 | 19-21 | 22-24 | 25-27 || total
---------------------------+-------+-------+-------+-------+-------+-------+-------+-------+-------++-------
  Melee: Unarmed           |     3 |       |       |       |       |       |       |       |       ||     3
         Dagger            |    53 |    40 |       |       |       |       |       |       |       ||    93
         Spear             |       |       |    13 |       |    20 |     7 |     2 |       |       ||    42
         Staff             |       |       |       |       |       |       |     1 |       |    19 ||    20
   Cast: Foxfire           |    76 |   146 |   245 |   162 |   269 |     7 |       |       |       ||   905
         Scorch            |     4 |     8 |    70 |    35 |    37 |     1 |       |       |       ||   155
         Flame Wave        |       |       |     4 |    25 |    17 |     1 |     1 |       |       ||    48
         Olgreb's Toxic Ra |       |       |       |    90 |   170 |    42 |     1 |       |       ||   303
         Ignite Poison     |       |       |       |    96 |   204 |    37 |     1 |       |       ||   338
         Iskenderun's Myst |       |       |       |     3 |    12 |     6 |     2 |     2 |       ||    25
         Orb of Destructio |       |       |       |       |    94 |    15 |       |       |       ||   109
         Plasma Beam       |       |       |       |       |    55 |   150 |    56 |    14 |       ||   275
         Spellforged Servi |       |       |       |       |       |   102 |   159 |   175 |   121 ||   557
         Ignition          |       |       |       |       |       |    91 |   105 |    62 |    91 ||   349
         Fire Storm        |       |       |       |       |       |       |    49 |   168 |   106 ||   323
         Irradiate         |       |       |       |       |       |       |       |    23 |    12 ||    35
         Lehudib's Crystal |       |       |       |       |       |       |       |     7 |    73 ||    80
  Evoke: Wand              |       |     3 |       |       |       |       |       |     2 |     1 ||     6
         Sack of spiders   |       |       |       |       |     1 |       |       |       |       ||     1
         Phantom mirror    |       |       |       |       |       |       |     1 |       |       ||     1
         Condenser vane    |       |       |       |       |       |       |       |     1 |       ||     1
    Use: Potion            |       |     1 |     2 |     2 |     1 |     3 |     8 |     2 |    16 ||    35
         Scroll            |       |       |    16 |     6 |     7 |     6 |     3 |    11 |    14 ||    63
 Armour: Robe              |     3 |       |       |       |       |       |   124 |       |       ||   127
         Leather armour    |    29 |       |       |       |       |       |       |       |       ||    29
         Ring mail         |    11 |    62 |    95 |       |       |       |       |       |       ||   168
         Swamp dragon scal |       |       |     8 |   166 |   329 |   177 |       |       |       ||   680
         Storm dragon scal |       |       |       |       |       |   156 |   120 |   288 |     2 ||   566
         Gold dragon scale |       |       |       |       |       |       |       |       |   427 ||   427
  Dodge: Dodged            |    51 |    44 |    73 |    81 |   149 |    82 |    72 |    61 |    41 ||   654
         Repelled          |       |       |       |       |       |       |       |     8 |     2 ||    10
  Block: Kite shield       |       |       |       |       |       |       |    17 |       |       ||    17
         Buckler           |       |       |       |       |       |       |       |    50 |    52 ||   102

Table legend: (Time is in decaauts)
 A = Elapsed time spent in this place.
 B = Non-inter-level travel time spent in this place.
 C = Inter-level travel time spent in this place.
 D = Time resting spent in this place.
 E = Time spent auto-exploring this place.
 F = Levels seen in this place.
 G = Mean time per level.
                   A        B        C        D        E       F      G
               +--------+--------+--------+--------+--------+-----+--------+
         Total |  84210 |  75797 |   8413 |  22288 |  31656 |  55 | 1531.1 |
       Dungeon |  24291 |  21239 |   3052 |   4493 |  13051 |  15 | 1619.4 |
        Temple |     14 |      7 |      7 |      0 |      0 |   1 |   14.0 |
          Lair |   8083 |   7378 |    705 |   2093 |   3861 |   5 | 1616.6 |
        Shoals |   4986 |   4594 |    392 |   1346 |   2001 |   4 | 1246.5 |
     Snake Pit |   5031 |   4652 |    379 |   2135 |   1143 |   4 | 1257.8 |
  Orcish Mines |   3433 |   3063 |    370 |   1240 |   1003 |   2 | 1716.5 |
   Elven Halls |   4271 |   4097 |    174 |   1141 |   1361 |   3 | 1423.7 |
        Vaults |  10439 |   8665 |   1774 |   1671 |   3764 |   5 | 2087.8 |
         Crypt |   4731 |   4459 |    272 |   1346 |   1635 |   3 | 1577.0 |
        Depths |   9973 |   9122 |    851 |   3677 |   2195 |   4 | 2493.2 |
           Zot |   6377 |   5944 |    433 |   2440 |   1062 |   5 | 1275.4 |
         Abyss |    400 |    400 |      0 |    168 |     47 |   1 |  400.0 |
        Bailey |    524 |    524 |      0 |    228 |     68 |   1 |  524.0 |
        Wizlab |    519 |    519 |      0 |     76 |    116 |   1 |  519.0 |
    Desolation |   1131 |   1131 |      0 |    234 |    347 |   1 | 1131.0 |
               +--------+--------+--------+--------+--------+-----+--------+

Top non-repeatable levels by time:
Depths:2: 3043 daAuts
   Zot:3: 2718 daAuts
Depths:4: 2702 daAuts
  Lair:2: 2573 daAuts
     D:3: 2522 daAuts
   Orc:2: 2413 daAuts
Vaults:1: 2412 daAuts
   Elf:3: 2350 daAuts
Vaults:2: 2341 daAuts
    D:14: 2290 daAuts
 Crypt:3: 2219 daAuts
Depths:1: 2121 daAuts
Depths:3: 2106 daAuts
Vaults:4: 2079 daAuts
  Lair:5: 2046 daAuts
